 Dungeon Crawl Stone Soup version 0.20-a0-2-g2b0e13a (webtiles) character file.

25 Kaname the Stinger (level 2, -3/19 HPs)
             Began as a Demonspawn Venom Mage on Oct 29, 2016.
             Killed from afar by an orc wizard (8 damage)
             ... with a magic dart
             ... on level 1 of the Dungeon.
             The game lasted 00:04:00 (1644 turns).

Kaname the Stinger (Demonspawn Venom Mage)          Turns: 1644, Time: 00:04:00

Health: -3/19      AC:  3    Str:  8    XL:     2   Next: 86%
Magic:  1/5        EV: 12    Int: 16    God:
Gold:   57         SH:  0    Dex: 13    Spells: 1 memorised, 4 levels left

rFire  . . .     SeeInvis .     g - +0 short sword
rCold  . . .     Gourm    .     i - +0 robe (curse)
rNeg   . . .     Faith    .     (no shield)
rPois  .         Spirit   .     h - +0 helmet
rElec  .         Reflect  .     (no cloak)
rCorr  .         Harm     .     (no gloves)
MR     .....                    (no boots)
Stlth  +.........               (no amulet)
                                (no ring)
                                (no ring)

@: confused
A: claws 1
a: no special abilities


You were on level 1 of the Dungeon.
You were near starving.

You visited 1 branch of the dungeon, and saw 1 of its levels.

You collected 57 gold pieces.

Inventory:

Hand Weapons
 g - a +0 short sword (weapon)
Armour
 a - a +0 robe
 h - a +0 helmet (worn)
 i - a cursed +0 robe (worn)
Scrolls
 d - a scroll of blinking {unknown}
 e - a scroll of random uselessness {unknown}
 f - a scroll of identify {unknown}
Books
 b - a Young Poisoner's Handbook

   Spells                             Type                      Level
   a - Sting                          Conjuration/Poison           1
   b - Mephitic Cloud                 Conjuration/Poison/Air       3
   c - Olgreb's Toxic Radiance        Poison                       4
   d - Alistair's Intoxication        Transmutation/Poison         5
   e - Venom Bolt                     Conjuration/Poison           5
Comestibles
 c - a bread ration


   Skills:
 - Level 1.7 Dodging
 - Level 1.7 Stealth
 - Level 2.0 Spellcasting
 + Level 2.6 Conjurations
 - Level 4.0 Poison Magic


You had 4 spell levels left.
You knew the following spells:

 Your Spells              Type           Power        Failure   Level  Hunger
a - Sting                 Conj/Pois      ##..         8%          1    #......


Dungeon Overview and Level Annotations

Branches:
Dungeon (1/15)

Altars:


Innate Abilities, Weirdness & Mutations

You have sharp fingernails.


Message History

The orc wizard is severely wounded.
The bat barely misses you.
The orc wizard hits you but does no damage.
You closely miss the orc wizard.
The orc wizard is severely wounded.
The bat closely misses you.
The orc wizard gestures at you while chanting.
You are confused.
The orc wizard hits you with a dagger.
* * * LOW HITPOINT WARNING * * *
You aren't carrying any potions.
The bat hits you but does no damage.
The orc wizard gestures wildly while chanting.
The orc wizard flickers and vanishes!
Deactivating autopickup; reactivate with Ctrl-A.
Unknown command.
The bat hits you but does no damage.
A magic dart appears from out of thin air!
The magic dart hits you!
You die...

#.....##### #.#.#≈≈≈≈≈≈≈≈≈
#.....# #.#)#≈≈≈≈≈≈≈≈≈ .......
.>#.#≈≈≈≈≈≈≈≈≈ ##....#
###.#≈≈≈≈≈≈≈≈≈ #....#
#.#≈≈≈≈≈≈≈≈≈ ### #....#####
#.#......... #.# #.#.#....#
#.#.8.⌠⌠⌠(⌠⌠
#.####.#.#...{#######.#.........
#.............'@#.....###.###.##
##.####.##.....#b#.######..#
#... .......#.#.#####'#.# #.##
#.## ##.###.#.#.#
#.....######.####.##
#.###.#.#.###...................
#..##.#.#.##.....##############.
##.##.#.#.##........)........##.
#..#.#.#.##.##..###########.##.
####.#.#.#....#.#.# #..#.


You could see a bat.

Vanquished Creatures
  2 dart slugs (D:1)
  A leopard gecko (D:1)
  A bat (D:1)
  5 hobgoblins (D:1)
  5 goblins (D:1)
  3 kobolds (D:1)
  2 rats (D:1)
19 creatures vanquished.

Notes
Turn   | Place    | Note
-------+----------+-------------------------------------------
     0 | D:1      | Kaname the Demonspawn Venom Mage began the quest for the Orb.
     0 | D:1      | Reached XP level 1. HP: 13/13 MP: 3/3
    53 | D:1      | Reached skill level 1 in Conjurations
   608 | D:1      | Gained mutation: You have sharp fingernails. [demonic ancestry]
   608 | D:1      | Reached XP level 2. HP: 19/19 MP: 0/5
  1644 | D:1      | Killed from afar by an orc wizard

Vault maps used:
D:1:      zaba_arrival_water, serial_co_window_serial, co_window_paths_a,
          co_window_paths_b, co_window_of_opportunity_a, co_window_paths_a,
          co_window_of_opportunity_a, co_window_broadway_a,
          co_window_broadway_c, co_window_2corner, co_window_4corner_a,
          co_window_4corner_b, minmay_pentomino_q2

Skill      XL: |  1  2 |
---------------+-------+-----
Conjurations   | 1 2 |  2.6
Dodging        | |  1.7
Stealth        | |  1.7
Spellcasting   | |  2.0
Poison Magic   | |  4.0

Action                   || total
-------------------------++-------
Melee: Unarmed           ||    13
       Short sword       ||    29
       Dagger            ||     3
 Cast: Sting             ||    41
 Stab: Sleeping          ||     1
  Eat: Chunk             ||     1
Armor: Robe              ||    19
Dodge: Dodged            ||    40
